Little Stars vs Demolitions (R1)

Created - April 10, 2021 at 21:02

Goals
1 2 3 OT1 SO T
Little Stars 0 2 1 0 2 4
Demolitions 0 2 1 0 1 3
Shots
1 2 3 OT1 SO T
Little Stars 7 15 9 3 4 34
Demolitions 7 7 7 1 4 22

1st period

No Goal

Penalties :
Dennis Everberg (Vic) for Hooking (Minor) at 1:10, Patrick Wiercioch (Tex) for Roughing (Minor) at 7:11, Nicholas Baptiste (Vic) for Hooking (Minor) at 16:04, Colton Gillies (Vic) for Roughing (Minor) at 18:58

2nd period

1. Demolitions , J.T. Brown 38 (Seth Helgeson 19, Wiley Sherman 32) at 2:52
2. Demolitions , Colton Gillies 6 (Brendan Gaunce 39, J.T. Brown 53) at 7:05 (PP)
3. Little Stars , Ilya Mikheyev 28 (Adam Tambellini 26, Daniel O'regan 30) at 8:09 (PP)
4. Little Stars , Ilya Mikheyev 29 (Adam Tambellini 27, Daniel O'regan 31) at 9:01 (PP)

Penalties :
Jesse Joensuu (Tex) for Holding Stick (Minor) at 5:37, Brandon Saad (Vic) for Hooking (Minor) at 7:34, Seth Helgeson (Vic) for Hooking (Minor) at 8:22, Joshua Leivo (Vic) for Hooking (Minor) at 9:57, Nicholas Baptiste (Vic) for Hooking (Minor) at 18:37

3rd period

5. Demolitions , Wiley Sherman 6 (Phil McRae 58, Seth Helgeson 20) at 14:13
6. Little Stars , Jesse Joensuu 47 (Dana Tyrell 59, Sebastian Wannstrom 12) at 14:42 (PP)

Penalties :
Phil McRae (Vic) for Hooking (Minor) at 8:41, Sebastian Wannstrom (Tex) for Interference (Minor) at 12:22, J.T. Brown (Vic) for Roughing (Minor) at 13:02, Wiley Sherman (Vic) for Hooking (Minor) at 15:17, Jesse Joensuu (Tex) for Holding (Minor) at 19:33

Overtime #1

No Goal

Penalties :
No Penalty

Shootout

Little Stars, Dana Tyrell - Goal!
Demolitions, Brandon Saad - Goal!
Little Stars, Daniel O'regan - Shot Misses the Net
Demolitions, Dennis Everberg - Stopped by Connor Knapp
Little Stars, Jesse Joensuu - Stopped by Thatcher Demko
Demolitions, J.T. Brown - Shot Misses the Net
Little Stars, Scott Kosmachuck - Goal!
Demolitions, Phil McRae - Stopped by Connor Knapp

Penalties :
No Penalty

Goalie Stats

Connor Knapp (Tex), 19 saves from 22 shots - (0.864), W, 16-13-4, 65:00 minutes
Thatcher Demko (Vic), 31 saves from 34 shots - (0.912), OTL, 19-14-6, 65:00 minutes

Players Stats for Little Stars

Player Name              G  A  P  +/- PIM S  H  SB GA TA FO     MP     PP MP  PK MP  
------------------------------------------------------------------------------------
Adam Tambellini          0  2  2  -1  0   5  2  1  1  0  0/3    18:44   6:31   0:00 
Anton Cederholm          0  0  0  -2  0   0  1  3  0  0  0/0    23:42   5:30   2:06 
Dana Tyrell              0  1  1  -1  0   6  2  1  0  0  23/35  26:48   8:57   4:09 
Daniel O'regan           0  2  2  -1  0   2  0  0  1  0  8/11   20:39   6:31   2:09 
Eric Knodel              0  0  0  -2  0   1  2  1  0  0  0/0    24:15   5:30   2:29 
Ilya Mikheyev            2  0  2  -1  0   6  0  1  0  0  0/0    17:13   6:31   0:00 
Jason Dickinson          0  0  0   0  0   1  0  0  2  0  0/1     6:48   0:00   0:00 
Jesse Joensuu            1  0  1  -1  4   5  2  0  1  0  3/6    25:00   8:57   1:39 
Joakim Nygard            0  0  0   0  0   1  0  1  0  0  0/0    11:30   0:00   1:07 
Michael Mersch           0  0  0   0  0   0  0  1  0  0  0/0     6:48   0:00   0:00 
Patrick Wiercioch        0  0  0   0  2   2  2  1  1  0  0/0    29:45   9:58   2:49 
Reece Willcox            0  0  0   0  0   0  0  0  0  0  0/0    10:14   0:00   0:00 
Roman Horak              0  0  0   0  0   0  1  0  0  1  1/5    10:46   0:00   0:56 
Scott Kosmachuck         0  0  0   0  0   2  1  0  1  1  0/1    21:04   8:36   0:39 
Sebastian Wannstrom      0  1  1   0  2   1  4  1  0  1  0/0    10:10   0:21   0:00 
Tucker Poolman           0  0  0   0  0   0  1  0  0  0  0/0    10:18   0:00   0:00 
Tyler Wotherspoon        0  0  0   0  0   1  0  1  1  0  0/0    31:48   9:58   4:48 
Zach Budish              0  0  0   0  0   1  3  0  1  0  0/0     6:59   0:00   0:00 

Players Stats for Demolitions

Player Name              G  A  P  +/- PIM S  H  SB GA TA FO     MP     PP MP  PK MP  
------------------------------------------------------------------------------------
Alex Hutchings           0  0  0   0  0   0  1  0  0  0  1/1     3:59   0:00   3:14 
Andrej Nestrasil         0  0  0   0  0   0  1  0  0  0  1/2     8:29   0:00   0:00 
Andrew Mangiapane        0  0  0   0  0   2  5  0  0  0  0/0    10:45   0:00   1:41 
Brandon Saad             0  0  0   0  2   2  2  0  0  0  8/22   26:20   2:24   8:32 
Brendan Gaunce           0  1  1   1  0   4  1  0  1  0  3/7    13:01   2:09   0:24 
Christoph Bertschy       0  0  0   0  0   1  0  0  0  0  0/1     6:50   0:00   0:00 
Colton Gillies           1  0  1   1  2   1  1  0  0  0  0/0    12:43   2:09   0:00 
Denis Gurianov           0  0  0   0  0   0  0  0  0  0  0/0     0:00   0:00   0:00 
Dennis Everberg          0  0  0   0  2   0  2  0  1  1  1/1    25:50   2:24   8:01 
J.T. Brown               1  1  2   1  2   1  4  0  0  1  1/3    18:45   2:08   4:45 
Jared Staal              0  0  0   1  0   0  0  0  0  0  1/2     2:07   0:00   0:00 
Joshua Leivo             0  0  0   0  2   1  0  0  0  0  1/2     9:14   0:00   0:00 
Juuso Riikola            0  0  0   0  0   1  4  2  0  0  0/0    23:14   2:36   5:15 
Michael Ferland          0  0  0   0  0   0  1  0  0  0  0/0     6:50   0:00   0:00 
Michael Prapavessis      0  0  0   0  0   0  0  0  0  0  0/0     2:17   0:00   0:38 
Mitch Callahan           0  0  0   0  0   0  0  0  0  0  0/0     1:38   0:00   0:00 
Nicholas Baptiste        0  0  0   0  4   1  1  0  0  1  0/0     7:34   0:00   0:00 
Oliver Kylington         0  0  0   0  0   0  0  0  0  1  0/0    10:03   0:00   0:00 
Phil McRae               0  1  1   1  2   4  3  0  0  2  10/21  18:29   2:24   4:19 
Seth Helgeson            0  2  2   2  2   3  1  2  0  0  0/0    30:44   1:57   9:34 
Taylor Aronson           0  0  0   0  0   0  2  1  1  1  0/0    23:14   2:36   5:15 
Taylor Leier             0  0  0   0  0   0  0  0  0  0  0/0     0:00   0:00   0:00 
Tommy Vannelli           0  0  0   0  0   0  0  0  0  2  0/0    11:51   0:00   1:29 
Tyler Graovac            0  0  0   0  0   0  0  0  0  0  0/0     0:00   0:00   0:00 
Wiley Sherman            1  1  2   2  2   1  0  1  0  0  0/0    29:06   1:57   8:45 

3 Stars

1 - Ilya Mikheyev (Tex)
2 - J.T. Brown (Vic)
3 - Wiley Sherman (Vic)

Power Play

Little Stars - 3 on 10 Attempt(s) - 30.00%
Demolitions - 1 on 4 Attempt(s) - 25.00%

Penalty Kill

Little Stars - 3 on 4 Attempt(s) - 75.00% - Score 0 goal in Penalty Kill
Demolitions - 7 on 10 Attempt(s) - 70.00% - Score 0 goal in Penalty Kill

Team Stat

Little Stars - Hits : 21 - Faceoff Wins : 35 - Blocked Shots : 12 - Penalty Minutes : 8
Demolitions - Hits : 29 - Faceoff Wins : 27 - Blocked Shots : 6 - Penalty Minutes : 20

Official

Referees : Unknown
Linesman : Unknown

Game Notes

0:26 of 3rd period - Little Stars goal is going for a video replay. After video review, No Goal. The net was displaced accidentally.

Finance

Level 1 -- Attendance: 2000 (100.00%) -- Ticket Income $26,000
Level 2 -- Attendance: 1000 (100.00%) -- Ticket Income $2,000
Total Attendance: 3000 (100.00%)
Total Ticket Income: $28,000
Other Income: $1,400
Total Income: $29,400

Little Stars

5 vs 5 Forward 
   Center                   Left Wing                Right Wing               Time % Phy DF OF 
 1 Dana Tyrell              Jesse Joensuu            Scott Kosmachuck         40     1   2  2  
 2 Daniel O'regan           Adam Tambellini          Ilya Mikheyev            30     1   2  2  
 3 Roman Horak              Joakim Nygard            Sebastian Wannstrom      20     1   2  2  
 4 Jason Dickinson          Michael Mersch           Zach Budish              10     1   2  2  

5 vs 5 Defense 
   Defense                  Defense                                           Time % Phy DF OF 
 1 Tyler Wotherspoon        Patrick Wiercioch                                 40     1   2  2  
 2 Anton Cederholm          Eric Knodel                                       30     1   2  2  
 3 Tucker Poolman           Reece Willcox                                     20     1   2  2  
 4 Tyler Wotherspoon        Patrick Wiercioch                                 10     1   2  2  

PowerPlay Forward 
   Center                   Left Wing                Right Wing               Time % Phy DF OF 
 1 Dana Tyrell              Jesse Joensuu            Scott Kosmachuck         60     0   2  3  
 2 Daniel O'regan           Adam Tambellini          Ilya Mikheyev            40     0   2  3  

PowerPlay Defense
   Defense                  Defense                                           Time % Phy DF OF 
 1 Tyler Wotherspoon        Patrick Wiercioch                                 60     0   2  3  
 2 Anton Cederholm          Eric Knodel                                       40     0   2  3  

Penalty Kill 4 Players Forward 
   Center                   Wing                     Time % Phy DF OF 
 1 Dana Tyrell              Jesse Joensuu            60     0   3  2  
 2 Daniel O'regan           Scott Kosmachuck         40     0   3  2  

Penalty Kill 4 Players Defense
   Defense                  Defense                  Time % Phy DF OF 
 1 Tyler Wotherspoon        Patrick Wiercioch        60     0   3  2  
 2 Anton Cederholm          Eric Knodel              40     0   3  2  

Penalty Kill - 3 Players Forward 
   Forward                                           Time % Phy DF OF 
 1 Dana Tyrell                                       60     0   3  2  
 2 Jesse Joensuu                                     40     0   3  2  

Penalty Kill - 3 Players Defense
   Defense                  Defense                  Time % Phy DF OF 
 1 Tyler Wotherspoon        Patrick Wiercioch        60     0   3  2  
 2 Anton Cederholm          Eric Knodel              40     0   3  2  

4 vs 4 Forward 
   Center                   Wing                     Time % Phy DF OF 
 1 Dana Tyrell              Jesse Joensuu            60     0   2  3  
 2 Daniel O'regan           Scott Kosmachuck         40     0   2  3  

4 vs 4 Defense
   Defense                  Defense                  Time % Phy DF OF 
 1 Tyler Wotherspoon        Patrick Wiercioch        60     0   2  3  
 2 Anton Cederholm          Eric Knodel              40     0   2  3  

Last Minutes Offensive
   Center                   Left Wing                Right Wing               Defense                  Defense                  
   Dana Tyrell              Jesse Joensuu            Scott Kosmachuck         Tyler Wotherspoon        Patrick Wiercioch        

Last Minutes Defensive
   Center                   Left Wing                Right Wing               Defense                  Defense                  
   Dana Tyrell              Jesse Joensuu            Scott Kosmachuck         Tyler Wotherspoon        Patrick Wiercioch        

Goaltenders
Starting : Connor Knapp             
Backup : Dustin Tokarski          

Extra Forwards
Normal : Jesse Joensuu, Adam Tambellini, Daniel O'regan - PP : Joakim Nygard, Michael Mersch - PK : Daniel O'regan
Extra Defensemen
Normal : Tucker Poolman, Anton Cederholm, Eric Knodel - PP : Tucker Poolman - PK : Anton Cederholm, Eric Knodel
Penalty Shots
Dana Tyrell, Daniel O'regan, Jesse Joensuu, Scott Kosmachuck, Adam Tambellini

Scratches
Evgeny Kuznetsov (Abdomen/Ribs Injury), Lawrence Pilut (Healthy), Justin Auger (Healthy), Rudolfs Balcers (Healthy), Yakov Trenin (Healthy)
Jean-Christophe Beaudin (Healthy), Ville Pokka (Healthy), Daniil Tarasov (Healthy), Emile Poirier (Healthy), Shane Gersich (Healthy)
Radel Fazleev (Healthy), Julien Nantel (Healthy), Peter Delmas (Healthy)

Demolitions

5 vs 5 Forward 
   Center                   Left Wing                Right Wing               Time % Phy DF OF 
 1 Phil McRae               Brandon Saad             Dennis Everberg          40     1   2  2  
 2 Brendan Gaunce           Colton Gillies           J.T. Brown               30     1   2  2  
 3 Andrej Nestrasil         Andrew Mangiapane        Joshua Leivo             20     1   2  2  
 4 Christoph Bertschy       Michael Ferland          Nicholas Baptiste        10     1   2  2  

5 vs 5 Defense 
   Defense                  Defense                                           Time % Phy DF OF 
 1 Seth Helgeson            Wiley Sherman                                     40     1   2  2  
 2 Juuso Riikola            Taylor Aronson                                    30     1   2  2  
 3 Oliver Kylington         Tommy Vannelli                                    20     1   2  2  
 4 Michael Prapavessis      Seth Helgeson                                     10     1   2  2  

PowerPlay Forward 
   Center                   Left Wing                Right Wing               Time % Phy DF OF 
 1 Phil McRae               Brandon Saad             Dennis Everberg          60     1   2  2  
 2 Brendan Gaunce           Colton Gillies           J.T. Brown               40     1   2  2  

PowerPlay Defense
   Defense                  Defense                                           Time % Phy DF OF 
 1 Seth Helgeson            Wiley Sherman                                     60     1   2  2  
 2 Juuso Riikola            Taylor Aronson                                    40     1   2  2  

Penalty Kill 4 Players Forward 
   Center                   Wing                     Time % Phy DF OF 
 1 Brandon Saad             Dennis Everberg          60     1   2  2  
 2 J.T. Brown               Phil McRae               40     1   2  2  

Penalty Kill 4 Players Defense
   Defense                  Defense                  Time % Phy DF OF 
 1 Seth Helgeson            Wiley Sherman            60     1   2  2  
 2 Juuso Riikola            Taylor Aronson           40     1   2  2  

Penalty Kill - 3 Players Forward 
   Forward                                           Time % Phy DF OF 
 1 Brandon Saad                                      60     1   2  2  
 2 Dennis Everberg                                   40     1   2  2  

Penalty Kill - 3 Players Defense
   Defense                  Defense                  Time % Phy DF OF 
 1 Seth Helgeson            Wiley Sherman            60     1   2  2  
 2 Juuso Riikola            Taylor Aronson           40     1   2  2  

4 vs 4 Forward 
   Center                   Wing                     Time % Phy DF OF 
 1 Brandon Saad             Dennis Everberg          60     1   2  2  
 2 J.T. Brown               Phil McRae               40     1   2  2  

4 vs 4 Defense
   Defense                  Defense                  Time % Phy DF OF 
 1 Seth Helgeson            Wiley Sherman            60     1   2  2  
 2 Juuso Riikola            Taylor Aronson           40     1   2  2  

Last Minutes Offensive
   Center                   Left Wing                Right Wing               Defense                  Defense                  
   Phil McRae               Brandon Saad             Dennis Everberg          Seth Helgeson            Wiley Sherman            

Last Minutes Defensive
   Center                   Left Wing                Right Wing               Defense                  Defense                  
   Phil McRae               Brandon Saad             Dennis Everberg          Seth Helgeson            Wiley Sherman            

Goaltenders
Starting : Thatcher Demko           
Backup : Alexandar Georgiev       

Extra Forwards
Normal : Jared Staal, Mitch Callahan, Alex Hutchings - PP : Jared Staal, Mitch Callahan - PK : Alex Hutchings
Extra Defensemen
Normal : Oliver Kylington, Tommy Vannelli, Michael Prapavessis - PP : Oliver Kylington - PK : Tommy Vannelli, Michael Prapavessis
Penalty Shots
Brandon Saad, Dennis Everberg, J.T. Brown, Phil McRae, Brendan Gaunce

Scratches
Taylor Beck (Right Forearm Injury), Thomas DiPauli (Healthy), Jeremy Roy (Healthy), Nikita Tryamkin (Strained Right Elbow Injury), Jaedon Descheneau (Healthy)
Aaron Haydon (Healthy), Jake Paterson (Healthy)

% Time on Ice - Little Stars

Lines # - Real PCT - Wanted PCT - Time Play
Normal Forward
1 - 29% - 40% - 11:08
2 - 28% - 30% - 10:54
3 - 25% - 20% - 9:50
4 - 18% - 10% - 6:48
Normal Defense
1 - 39% - 40% - 15:02
2 - 36% - 30% - 13:45
3 - 26% - 20% - 9:53
4 - 0% - 10% - 0:00
PP Forward
1 - 58% - 60% - 8:57
2 - 42% - 40% - 6:31
PP Defense
1 - 64% - 60% - 9:58
2 - 36% - 40% - 5:30
PK Forward
1 - 86% - 60% - 3:54
2 - 14% - 40% - 0:39
PK Defense
1 - 82% - 60% - 3:45
2 - 18% - 40% - 0:48
PK3 Forward
1 - 91% - 60% - 1:25
2 - 9% - 40% - 0:08
PK3 Defense
1 - 68% - 60% - 1:03
2 - 32% - 40% - 0:30
44 Forward
1 - 85% - 60% - 4:02
2 - 15% - 40% - 0:44
44 Defense
1 - 51% - 60% - 2:25
2 - 49% - 40% - 2:21
Last Minute Offensive  - 0:00
Last Minute Defensive  - 0:00
Total
Forward - 65:00
Defense - 65:00

% Time on Ice - Demolitions

Lines # - Real PCT - Wanted PCT - Time Play
Normal Forward
1 - 33% - 40% - 12:43
2 - 28% - 30% - 10:38
3 - 22% - 20% - 8:29
4 - 18% - 10% - 6:50
Normal Defense
1 - 36% - 40% - 13:58
2 - 34% - 30% - 13:00
3 - 26% - 20% - 10:03
4 - 4% - 10% - 1:39
PP Forward
1 - 53% - 60% - 2:24
2 - 47% - 40% - 2:09
PP Defense
1 - 43% - 60% - 1:57
2 - 57% - 40% - 2:36
PK Forward
1 - 67% - 60% - 10:25
2 - 33% - 40% - 5:03
PK Defense
1 - 66% - 60% - 10:13
2 - 34% - 40% - 5:15
PK3 Forward
1 - 0% - 60%
2 - 0% - 40%
PK3 Defense
1 - 0% - 60%
2 - 0% - 40%
44 Forward
1 - 78% - 60% - 4:55
2 - 22% - 40% - 1:24
44 Defense
1 - 62% - 60% - 3:56
2 - 38% - 40% - 2:23
Last Minute Offensive  - 0:00
Last Minute Defensive  - 0:00
Total
Forward - 65:00
Defense - 65:00

Play-by-Play

1st period


0:01 of 1st period - Dana Tyrell wins face-off versus Brandon Saad in neutral zone.
0:10 of 1st period - Snap shot by Dana Tyrell.
0:10 of 1st period - Stopped by Thatcher Demko without a rebound.
0:11 of 1st period - Daniel O'regan wins face-off versus Brendan Gaunce in Demolitions zone.
0:14 of 1st period - Slapshot by Adam Tambellini.
0:14 of 1st period - Shot Misses the Net.
0:42 of 1st period - Eric Knodel is hit by Andrew Mangiapane and loses puck.
1:10 of 1st period - Minor Penalty to Dennis Everberg for Hooking.
1:11 of 1st period - Jesse Joensuu wins face-off versus Brandon Saad in Demolitions zone.
1:30 of 1st period - Icing by Tyler Wotherspoon.
1:31 of 1st period - Dana Tyrell wins face-off versus J.T. Brown in Little Stars zone.
2:02 of 1st period - Patrick Wiercioch is hit by Taylor Aronson and loses puck.
2:13 of 1st period - Snap shot by Dana Tyrell.
2:13 of 1st period - Shot Misses the Net.
2:15 of 1st period - Slapshot by Tyler Wotherspoon.
2:15 of 1st period - Shot Misses the Net.
2:17 of 1st period - Snap shot by Adam Tambellini.
2:17 of 1st period - Stopped by Thatcher Demko with a rebound.
2:19 of 1st period - Slapshot by Patrick Wiercioch.
2:19 of 1st period - Shot Misses the Net.
2:21 of 1st period - Wrist shot by Adam Tambellini.
2:21 of 1st period - Deflect By Seth Helgeson.
2:21 of 1st period - Stopped by Thatcher Demko with a rebound.
2:23 of 1st period - Slapshot by Tyler Wotherspoon.
2:23 of 1st period - Deflect By Adam Tambellini.
2:23 of 1st period - Stopped by Thatcher Demko with a rebound.
2:25 of 1st period - Slapshot by Tyler Wotherspoon.
2:25 of 1st period - Shot Misses the Net.
3:10 of 1st period - Penalty to Dennis Everberg is over, Dennis Everberg is back on ice.
3:25 of 1st period - Anton Cederholm is hit by Juuso Riikola and loses puck.
5:53 of 1st period - Slapshot by Brendan Gaunce.
5:53 of 1st period - Stopped by Connor Knapp with a rebound.
6:07 of 1st period - Slapshot by Brendan Gaunce.
6:07 of 1st period - Stopped by Connor Knapp without a rebound.
6:08 of 1st period - Daniel O'regan wins face-off versus Phil McRae in Little Stars zone.
6:08 of 1st period - Daniel O'regan is hit by Phil McRae.
6:43 of 1st period - Snap shot by Dana Tyrell.
6:43 of 1st period - Shot Misses the Net.
7:11 of 1st period - Minor Penalty to Patrick Wiercioch for Roughing.
7:12 of 1st period - Dana Tyrell wins face-off versus Phil McRae in Little Stars zone.
7:37 of 1st period - Tyler Wotherspoon is hit by Colton Gillies and loses puck.
7:59 of 1st period - Off-side.
8:00 of 1st period - Phil McRae wins face-off versus Scott Kosmachuck in neutral zone.
8:25 of 1st period - Wrist shot by Brendan Gaunce.
8:25 of 1st period - Stopped by Connor Knapp with a rebound.
8:27 of 1st period - Snap shot by Colton Gillies.
8:27 of 1st period - Shot Misses the Net.
8:29 of 1st period - Backhand shot by Taylor Aronson.
8:29 of 1st period - Shot Misses the Net.
9:11 of 1st period - Penalty to Patrick Wiercioch is over, Patrick Wiercioch is back on ice.
9:41 of 1st period - Wrist shot by Andrew Mangiapane.
9:41 of 1st period - Stopped by Connor Knapp with a rebound.
10:25 of 1st period - Slapshot by Zach Budish.
10:25 of 1st period - Stopped by Thatcher Demko without a rebound.
10:26 of 1st period - Brendan Gaunce wins face-off versus Jason Dickinson in Demolitions zone.
10:35 of 1st period - Slapshot by Brendan Gaunce.
10:35 of 1st period - Stopped by Connor Knapp with a rebound.
10:37 of 1st period - Slapshot by Juuso Riikola.
10:37 of 1st period - Deflect By Colton Gillies.
10:37 of 1st period - Shot Misses the Net.
10:37 of 1st period - Puck is out of play.
10:38 of 1st period - Phil McRae wins face-off versus Dana Tyrell in Little Stars zone.
11:05 of 1st period - Snap shot by Sebastian Wannstrom.
11:05 of 1st period - Stopped by Thatcher Demko without a rebound.
11:06 of 1st period - Roman Horak wins face-off versus Brendan Gaunce in Demolitions zone.
11:41 of 1st period - Slapshot by Andrej Nestrasil.
11:41 of 1st period - Shot Blocked by Dana Tyrell.
11:43 of 1st period - Slapshot by Juuso Riikola.
11:43 of 1st period - Stopped by Connor Knapp without a rebound.
11:44 of 1st period - Daniel O'regan wins face-off versus Phil McRae in Little Stars zone.
11:55 of 1st period - Slapshot by Phil McRae.
11:55 of 1st period - Shot Misses the Net.
12:39 of 1st period - Snap shot by Andrej Nestrasil.
12:39 of 1st period - Shot Blocked by Joakim Nygard.
13:15 of 1st period - Ilya Mikheyev is hit by Michael Ferland and loses puck.
13:45 of 1st period - Off-side.
13:46 of 1st period - Phil McRae wins face-off versus Dana Tyrell in neutral zone.
13:53 of 1st period - Wrist shot by Phil McRae.
13:53 of 1st period - Stopped by Connor Knapp with a rebound.
14:19 of 1st period - Snap shot by Adam Tambellini.
14:19 of 1st period - Deflect By Daniel O'regan.
14:19 of 1st period - Stopped by Thatcher Demko without a rebound.
14:20 of 1st period - Brendan Gaunce wins face-off versus Daniel O'regan in Demolitions zone.
14:27 of 1st period - Daniel O'regan is hit by Seth Helgeson and loses puck.
15:10 of 1st period - Taylor Aronson is hit by Sebastian Wannstrom and loses puck.
16:04 of 1st period - Minor Penalty to Nicholas Baptiste for Hooking.
16:05 of 1st period - Brandon Saad wins face-off versus Dana Tyrell in Demolitions zone.
16:59 of 1st period - Icing by Anton Cederholm.
17:00 of 1st period - Brandon Saad wins face-off versus Adam Tambellini in Little Stars zone.
18:04 of 1st period - Penalty to Nicholas Baptiste is over, Nicholas Baptiste is back on ice.
18:30 of 1st period - Taylor Aronson is hit by Sebastian Wannstrom and loses puck.
18:46 of 1st period - Wrist shot by Colton Gillies.
18:46 of 1st period - Deflect By Brendan Gaunce.
18:46 of 1st period - Shot Blocked by Michael Mersch.
18:46 of 1st period - Puck is out of play.
18:47 of 1st period - Daniel O'regan wins face-off versus Brendan Gaunce in Little Stars zone.
18:47 of 1st period - Daniel O'regan is hit by J.T. Brown.
18:58 of 1st period - Minor Penalty to Colton Gillies for Roughing.
18:59 of 1st period - Brandon Saad wins face-off versus Dana Tyrell in Demolitions zone.
19:25 of 1st period - Daniel O'regan is hit by Phil McRae and loses puck.
19:54 of 1st period - Anton Cederholm is hit by Brandon Saad and loses puck.
Goals for this period are 0 for Little Stars vs 0 for Demolitions.
Shots for this period are 7 for Little Stars vs 7 for Demolitions.

2nd period


0:01 of 2nd period - Brandon Saad wins face-off versus Dana Tyrell in neutral zone.
0:10 of 2nd period - Backhand shot by Brandon Saad.
0:10 of 2nd period - Stopped by Connor Knapp without a rebound.
0:11 of 2nd period - Dennis Everberg wins face-off versus Dana Tyrell in Little Stars zone.
0:37 of 2nd period - Daniel O'regan is hit by J.T. Brown and loses puck.
0:58 of 2nd period - Penalty to Colton Gillies is over, Colton Gillies is back on ice.
1:00 of 2nd period - Colton Gillies is hit by Scott Kosmachuck and loses puck.
1:17 of 2nd period - Wrist shot by Joakim Nygard.
1:17 of 2nd period - Stopped by Thatcher Demko with a rebound.
1:19 of 2nd period - Slapshot by Anton Cederholm.
1:19 of 2nd period - Deflect By Joakim Nygard.
1:19 of 2nd period - Shot Blocked by Taylor Aronson.
1:19 of 2nd period - Puck is out of play.
1:20 of 2nd period - Brendan Gaunce wins face-off versus Daniel O'regan in Demolitions zone.
1:20 of 2nd period - Brendan Gaunce is hit by Patrick Wiercioch.
2:48 of 2nd period - Snap shot by J.T. Brown.
2:48 of 2nd period - Shot Blocked by Anton Cederholm.
2:50 of 2nd period - Slapshot by Seth Helgeson.
2:50 of 2nd period - Shot Blocked by Ilya Mikheyev.
2:52 of 2nd period - Slapshot by J.T. Brown.
2:52 of 2nd period - Goal by J.T. Brown - Little Stars : 0 - Demolitions : 1.
2:53 of 2nd period - Dana Tyrell wins face-off versus Phil McRae in neutral zone.
2:56 of 2nd period - Slapshot by Patrick Wiercioch.
2:56 of 2nd period - Deflect By Dana Tyrell.
2:56 of 2nd period - Shot Misses the Net.
2:56 of 2nd period - Puck is out of play.
2:57 of 2nd period - Dana Tyrell wins face-off versus Phil McRae in Demolitions zone.
3:12 of 2nd period - Slapshot by Tyler Wotherspoon.
3:12 of 2nd period - Shot Blocked by Seth Helgeson.
3:26 of 2nd period - Slapshot by Brendan Gaunce.
3:26 of 2nd period - Shot Misses the Net.
4:08 of 2nd period - Wrist shot by Dennis Everberg.
4:08 of 2nd period - Shot Misses the Net.
4:12 of 2nd period - Wrist shot by Brandon Saad.
4:12 of 2nd period - Shot Misses the Net.
4:26 of 2nd period - Zach Budish is hit by Andrew Mangiapane.
4:35 of 2nd period - Slapshot by Joshua Leivo.
4:35 of 2nd period - Shot Misses the Net.
5:04 of 2nd period - Brandon Saad is hit by Eric Knodel.
5:27 of 2nd period - Snap shot by Seth Helgeson.
5:27 of 2nd period - Stopped by Connor Knapp with a rebound.
5:37 of 2nd period - Minor Penalty to Jesse Joensuu for Holding Stick.
5:38 of 2nd period - Phil McRae wins face-off versus Dana Tyrell in Little Stars zone.
5:52 of 2nd period - Snap shot by Dennis Everberg.
5:52 of 2nd period - Shot Misses the Net.
5:54 of 2nd period - Slapshot by Seth Helgeson.
5:54 of 2nd period - Stopped by Connor Knapp with a rebound.
6:04 of 2nd period - Anton Cederholm is hit by J.T. Brown and loses puck.
7:03 of 2nd period - Snap shot by Brendan Gaunce.
7:03 of 2nd period - Shot Misses the Net.
7:05 of 2nd period - Snap shot by Colton Gillies.
7:05 of 2nd period - Goal by Colton Gillies - Little Stars : 0 - Demolitions : 2.
7:06 of 2nd period - Dana Tyrell wins face-off versus Phil McRae in neutral zone.
7:15 of 2nd period - Wrist shot by Jesse Joensuu.
7:15 of 2nd period - Stopped by Thatcher Demko without a rebound.
7:16 of 2nd period - Jesse Joensuu wins face-off versus Phil McRae in Demolitions zone.
7:17 of 2nd period - Wrist shot by Dana Tyrell.
7:17 of 2nd period - Stopped by Thatcher Demko with a rebound.
7:23 of 2nd period - Phil McRae is hit by Jesse Joensuu.
7:34 of 2nd period - Minor Penalty to Brandon Saad for Hooking.
7:35 of 2nd period - Alex Hutchings wins face-off versus Jesse Joensuu in Demolitions zone.
7:54 of 2nd period - Dennis Everberg is hit by Jesse Joensuu and loses puck.
8:07 of 2nd period - Snap shot by Adam Tambellini.
8:07 of 2nd period - Stopped by Thatcher Demko with a rebound.
8:09 of 2nd period - Snap shot by Ilya Mikheyev.
8:09 of 2nd period - Goal by Ilya Mikheyev - Little Stars : 1 - Demolitions : 2.
8:10 of 2nd period - Phil McRae wins face-off versus Jesse Joensuu in neutral zone.
8:22 of 2nd period - Minor Penalty to Seth Helgeson for Hooking.
8:23 of 2nd period - Brandon Saad wins face-off versus Jesse Joensuu in Demolitions zone.
9:01 of 2nd period - Snap shot by Adam Tambellini.
9:01 of 2nd period - Deflect By Ilya Mikheyev.
9:01 of 2nd period - Goal by Ilya Mikheyev - Little Stars : 2 - Demolitions : 2.
9:02 of 2nd period - Dana Tyrell wins face-off versus Phil McRae in neutral zone.
9:07 of 2nd period - Slapshot by Patrick Wiercioch.
9:07 of 2nd period - Stopped by Thatcher Demko without a rebound.
9:08 of 2nd period - Dana Tyrell wins face-off versus Phil McRae in Demolitions zone.
9:54 of 2nd period - Patrick Wiercioch is hit by Juuso Riikola and loses puck.
9:57 of 2nd period - Minor Penalty to Joshua Leivo for Hooking.
9:58 of 2nd period - Brandon Saad wins face-off versus Dana Tyrell in Demolitions zone.
10:02 of 2nd period - Seth Helgeson is hit by Eric Knodel and loses puck.
10:33 of 2nd period - Snap shot by Adam Tambellini.
10:33 of 2nd period - Shot Misses the Net.
11:44 of 2nd period - Adam Tambellini is hit by Alex Hutchings and loses puck.
11:57 of 2nd period - Penalty to Joshua Leivo is over, Joshua Leivo is back on ice.
12:51 of 2nd period - Snap shot by Ilya Mikheyev.
12:51 of 2nd period - Stopped by Thatcher Demko with a rebound.
12:53 of 2nd period - Wrist shot by Eric Knodel.
12:53 of 2nd period - Stopped by Thatcher Demko with a rebound.
12:55 of 2nd period - Snap shot by Ilya Mikheyev.
12:55 of 2nd period - Stopped by Thatcher Demko with a rebound.
12:59 of 2nd period - Wrist shot by Daniel O'regan.
12:59 of 2nd period - Shot Blocked by Seth Helgeson.
13:01 of 2nd period - Wrist shot by Adam Tambellini.
13:01 of 2nd period - Stopped by Thatcher Demko without a rebound.
13:02 of 2nd period - Dana Tyrell wins face-off versus Brendan Gaunce in Demolitions zone.
13:27 of 2nd period - Jesse Joensuu is hit by Nicholas Baptiste and loses puck.
14:14 of 2nd period - Tyler Wotherspoon is hit by Andrej Nestrasil and loses puck.
14:48 of 2nd period - Snap shot by Nicholas Baptiste.
14:48 of 2nd period - Stopped by Connor Knapp with a rebound.
15:22 of 2nd period - Reece Willcox is hit by Andrew Mangiapane and loses puck.
15:55 of 2nd period - Wiley Sherman is hit by Sebastian Wannstrom and loses puck.
16:55 of 2nd period - Juuso Riikola is hit by Sebastian Wannstrom and loses puck.
18:01 of 2nd period - Tyler Wotherspoon is hit by Andrew Mangiapane and loses puck.
18:37 of 2nd period - Minor Penalty to Nicholas Baptiste for Hooking.
18:38 of 2nd period - Daniel O'regan wins face-off versus Brandon Saad in Demolitions zone.
18:45 of 2nd period - Slapshot by Ilya Mikheyev.
18:45 of 2nd period - Stopped by Thatcher Demko with a rebound.
18:47 of 2nd period - Wrist shot by Ilya Mikheyev.
18:47 of 2nd period - Stopped by Thatcher Demko with a rebound.
18:49 of 2nd period - Slapshot by Tyler Wotherspoon.
18:49 of 2nd period - Stopped by Thatcher Demko with a rebound.
18:51 of 2nd period - Slapshot by Patrick Wiercioch.
18:51 of 2nd period - Shot Misses the Net.
18:53 of 2nd period - Slapshot by Tyler Wotherspoon.
18:53 of 2nd period - Shot Blocked by Juuso Riikola.
19:03 of 2nd period - Scott Kosmachuck is hit by Taylor Aronson and loses puck.
19:33 of 2nd period - Wrist shot by Phil McRae.
19:33 of 2nd period - Stopped by Connor Knapp without a rebound.
19:34 of 2nd period - Dana Tyrell wins face-off versus J.T. Brown in Little Stars zone.
19:55 of 2nd period - Slapshot by Daniel O'regan.
19:55 of 2nd period - Shot Misses the Net.
19:57 of 2nd period - Wrist shot by Anton Cederholm.
19:57 of 2nd period - Deflect By Daniel O'regan.
19:57 of 2nd period - Stopped by Thatcher Demko with a rebound.
19:59 of 2nd period - Slapshot by Anton Cederholm.
19:59 of 2nd period - Shot Misses the Net.
Goals for this period are 2 for Little Stars vs 2 for Demolitions.
Shots for this period are 15 for Little Stars vs 7 for Demolitions.

3rd period


0:01 of 3rd period - Dana Tyrell wins face-off versus Brandon Saad in neutral zone.
0:12 of 3rd period - Snap shot by Jesse Joensuu.
0:12 of 3rd period - Deflect By Dana Tyrell.
0:12 of 3rd period - Stopped by Thatcher Demko without a rebound.
0:13 of 3rd period - Dana Tyrell wins face-off versus Brandon Saad in Demolitions zone.
0:24 of 3rd period - Wrist shot by Dana Tyrell.
0:24 of 3rd period - Shot Misses the Net.
0:26 of 3rd period - Snap shot by Scott Kosmachuck.
0:26 of 3rd period - Little Stars goal is going for a video replay.
0:26 of 3rd period - The goal is refused. The net was displaced accidentally..
0:27 of 3rd period - Jesse Joensuu wins face-off versus Brandon Saad in Demolitions zone.
0:37 of 3rd period - Penalty to Nicholas Baptiste is over, Nicholas Baptiste is back on ice.
0:54 of 3rd period - Seth Helgeson is hit by Adam Tambellini and loses puck.
1:25 of 3rd period - Wrist shot by Andrej Nestrasil.
1:25 of 3rd period - Shot Misses the Net.
1:49 of 3rd period - Christoph Bertschy is hit by Zach Budish.
1:58 of 3rd period - Eric Knodel is hit by Juuso Riikola and loses puck.
2:03 of 3rd period - Snap shot by Dana Tyrell.
2:03 of 3rd period - Shot Hit the Post.
2:05 of 3rd period - Snap shot by Jesse Joensuu.
2:05 of 3rd period - Stopped by Thatcher Demko with a rebound.
2:07 of 3rd period - Wrist shot by Patrick Wiercioch.
2:07 of 3rd period - Shot Blocked by Juuso Riikola.
2:09 of 3rd period - Slapshot by Patrick Wiercioch.
2:09 of 3rd period - Stopped by Thatcher Demko with a rebound.
2:11 of 3rd period - Snap shot by Tyler Wotherspoon.
2:11 of 3rd period - Shot Misses the Net.
2:27 of 3rd period - Wrist shot by Brendan Gaunce.
2:27 of 3rd period - Shot Misses the Net.
2:29 of 3rd period - Backhand shot by Juuso Riikola.
2:29 of 3rd period - Shot Blocked by Tyler Wotherspoon.
2:31 of 3rd period - Backhand shot by J.T. Brown.
2:31 of 3rd period - Shot Misses the Net.
3:40 of 3rd period - Brandon Saad is hit by Tucker Poolman and loses puck.
4:27 of 3rd period - Off-side.
4:28 of 3rd period - Phil McRae wins face-off versus Roman Horak in neutral zone.
4:30 of 3rd period - Off-side.
4:31 of 3rd period - Phil McRae wins face-off versus Roman Horak in neutral zone.
5:18 of 3rd period - Off-side.
5:19 of 3rd period - Daniel O'regan wins face-off versus Andrej Nestrasil in neutral zone.
5:44 of 3rd period - Dana Tyrell is hit by Phil McRae and loses puck.
6:09 of 3rd period - Wiley Sherman is hit by Zach Budish and loses puck.
6:14 of 3rd period - Slapshot by Jason Dickinson.
6:14 of 3rd period - Stopped by Thatcher Demko with a rebound.
6:30 of 3rd period - Slapshot by Seth Helgeson.
6:30 of 3rd period - Shot Blocked by Sebastian Wannstrom.
6:46 of 3rd period - Icing by Juuso Riikola.
6:47 of 3rd period - Daniel O'regan wins face-off versus Joshua Leivo in Demolitions zone.
6:58 of 3rd period - Snap shot by Andrej Nestrasil.
6:58 of 3rd period - Shot Misses the Net.
7:00 of 3rd period - Slapshot by Andrew Mangiapane.
7:00 of 3rd period - Shot Misses the Net.
7:02 of 3rd period - Slapshot by Juuso Riikola.
7:02 of 3rd period - Deflect By Andrew Mangiapane.
7:02 of 3rd period - Stopped by Connor Knapp without a rebound.
7:03 of 3rd period - Dana Tyrell wins face-off versus Phil McRae in Little Stars zone.
7:03 of 3rd period - Dana Tyrell is hit by Juuso Riikola.
7:33 of 3rd period - Snap shot by Brendan Gaunce.
7:33 of 3rd period - Shot Misses the Net.
7:39 of 3rd period - Brendan Gaunce is hit by Adam Tambellini and loses puck.
8:12 of 3rd period - Snap shot by Christoph Bertschy.
8:12 of 3rd period - Stopped by Connor Knapp without a rebound.
8:13 of 3rd period - Dana Tyrell wins face-off versus Christoph Bertschy in Little Stars zone.
8:41 of 3rd period - Minor Penalty to Phil McRae for Hooking.
8:42 of 3rd period - Dana Tyrell wins face-off versus Brandon Saad in Demolitions zone.
9:18 of 3rd period - Slapshot by Patrick Wiercioch.
9:18 of 3rd period - Shot Blocked by Wiley Sherman.
9:41 of 3rd period - Alex Hutchings is hit by Dana Tyrell and loses puck.
10:06 of 3rd period - Adam Tambellini is hit by Andrew Mangiapane and loses puck.
10:41 of 3rd period - Penalty to Phil McRae is over, Phil McRae is back on ice.
10:51 of 3rd period - Snap shot by Phil McRae.
10:51 of 3rd period - Stopped by Connor Knapp without a rebound.
10:52 of 3rd period - Joshua Leivo wins face-off versus Roman Horak in Little Stars zone.
10:59 of 3rd period - Wrist shot by Andrej Nestrasil.
10:59 of 3rd period - Deflect By Joshua Leivo.
10:59 of 3rd period - Stopped by Connor Knapp with a rebound.
12:00 of 3rd period - Dennis Everberg is hit by Dana Tyrell and loses puck.
12:22 of 3rd period - Minor Penalty to Sebastian Wannstrom for Interference.
12:23 of 3rd period - Dana Tyrell wins face-off versus Brandon Saad in Little Stars zone.
12:30 of 3rd period - Snap shot by Dana Tyrell.
12:30 of 3rd period - Stopped by Thatcher Demko with a rebound.
12:50 of 3rd period - Jesse Joensuu is hit by Brendan Gaunce.
12:56 of 3rd period - Wrist shot by Brendan Gaunce.
12:56 of 3rd period - Shot Misses the Net.
13:02 of 3rd period - Minor Penalty to J.T. Brown for Roughing.
13:03 of 3rd period - Brandon Saad wins face-off versus Dana Tyrell in Demolitions zone.
13:14 of 3rd period - Wrist shot by Brandon Saad.
13:14 of 3rd period - Stopped by Connor Knapp without a rebound.
13:15 of 3rd period - Dana Tyrell wins face-off versus Brandon Saad in Little Stars zone.
13:28 of 3rd period - Snap shot by Brandon Saad.
13:28 of 3rd period - Shot Misses the Net.
13:56 of 3rd period - Anton Cederholm is hit by Brandon Saad and loses puck.
14:13 of 3rd period - Slapshot by Wiley Sherman.
14:13 of 3rd period - Goal by Wiley Sherman - Little Stars : 2 - Demolitions : 3.
14:14 of 3rd period - Dana Tyrell wins face-off versus Brandon Saad in neutral zone.
14:22 of 3rd period - Penalty to Sebastian Wannstrom is over, Sebastian Wannstrom is back on ice.
14:40 of 3rd period - Snap shot by Jesse Joensuu.
14:40 of 3rd period - Shot Misses the Net.
14:42 of 3rd period - Snap shot by Jesse Joensuu.
14:42 of 3rd period - Goal by Jesse Joensuu - Little Stars : 3 - Demolitions : 3.
14:43 of 3rd period - Phil McRae wins face-off versus Daniel O'regan in neutral zone.
15:01 of 3rd period - Icing by Brandon Saad.
15:02 of 3rd period - Phil McRae wins face-off versus Dana Tyrell in Demolitions zone.
15:07 of 3rd period - Dana Tyrell is hit by Dennis Everberg and loses puck.
15:17 of 3rd period - Minor Penalty to Wiley Sherman for Hooking.
15:18 of 3rd period - Dana Tyrell wins face-off versus Brandon Saad in Demolitions zone.
15:18 of 3rd period - Slapshot by Jesse Joensuu.
15:18 of 3rd period - Stopped by Thatcher Demko with a rebound.
15:20 of 3rd period - Snap shot by Scott Kosmachuck.
15:20 of 3rd period - Stopped by Thatcher Demko without a rebound.
15:21 of 3rd period - Dana Tyrell wins face-off versus Brandon Saad in Demolitions zone.
15:48 of 3rd period - Slapshot by Phil McRae.
15:48 of 3rd period - Stopped by Connor Knapp with a rebound.
17:17 of 3rd period - Penalty to Wiley Sherman is over, Wiley Sherman is back on ice.
17:21 of 3rd period - Slapshot by Seth Helgeson.
17:21 of 3rd period - Shot Misses the Net.
17:27 of 3rd period - Wiley Sherman is hit by Roman Horak and loses puck.
17:53 of 3rd period - Brendan Gaunce is hit by Zach Budish and loses puck.
17:59 of 3rd period - Off-side.
18:00 of 3rd period - Andrej Nestrasil wins face-off versus Roman Horak in neutral zone.
19:31 of 3rd period - Slapshot by Seth Helgeson.
19:31 of 3rd period - Shot Blocked by Adam Tambellini.
19:33 of 3rd period - Minor Penalty to Jesse Joensuu for Holding.
19:34 of 3rd period - Dana Tyrell wins face-off versus Phil McRae in Little Stars zone.
19:44 of 3rd period - Off-side.
19:45 of 3rd period - Phil McRae wins face-off versus Dana Tyrell in neutral zone.
19:48 of 3rd period - Tyler Wotherspoon is hit by Dennis Everberg and loses puck.
19:55 of 3rd period - Snap shot by Dennis Everberg.
19:55 of 3rd period - Shot Misses the Net.
19:57 of 3rd period - Slapshot by Seth Helgeson.
19:57 of 3rd period - Shot Misses the Net.
19:59 of 3rd period - Wrist shot by Phil McRae.
19:59 of 3rd period - Shot Blocked by Patrick Wiercioch.
Goals for this period are 1 for Little Stars vs 1 for Demolitions.
Shots for this period are 9 for Little Stars vs 7 for Demolitions.

Overtime #1


0:01 of 1st overtime period - Dana Tyrell wins face-off versus Brandon Saad in neutral zone.
0:06 of 1st overtime period - Slapshot by Dana Tyrell.
0:06 of 1st overtime period - Stopped by Thatcher Demko with a rebound.
1:12 of 1st overtime period - Taylor Aronson is hit by Anton Cederholm and loses puck.
1:33 of 1st overtime period - Penalty to Jesse Joensuu is over, Jesse Joensuu is back on ice.
1:37 of 1st overtime period - Seth Helgeson is hit by Patrick Wiercioch and loses puck.
1:54 of 1st overtime period - Slapshot by Jesse Joensuu.
1:54 of 1st overtime period - Stopped by Thatcher Demko without a rebound.
1:55 of 1st overtime period - J.T. Brown wins face-off versus Adam Tambellini in Demolitions zone.
2:26 of 1st overtime period - Icing by Anton Cederholm.
2:27 of 1st overtime period - Jared Staal wins face-off versus Dana Tyrell in Little Stars zone.
2:34 of 1st overtime period - Slapshot by Seth Helgeson.
2:34 of 1st overtime period - Shot Blocked by Anton Cederholm.
2:36 of 1st overtime period - Wrist shot by Mitch Callahan.
2:36 of 1st overtime period - Shot Misses the Net.
2:38 of 1st overtime period - Slapshot by Seth Helgeson.
2:38 of 1st overtime period - Shot Blocked by Anton Cederholm.
2:40 of 1st overtime period - Slapshot by Seth Helgeson.
2:40 of 1st overtime period - Shot Misses the Net.
2:42 of 1st overtime period - Wrist shot by Seth Helgeson.
2:42 of 1st overtime period - Stopped by Connor Knapp with a rebound.
3:08 of 1st overtime period - Wrist shot by Dana Tyrell.
3:08 of 1st overtime period - Stopped by Thatcher Demko without a rebound.
3:09 of 1st overtime period - Daniel O'regan wins face-off versus Brandon Saad in Demolitions zone.
3:48 of 1st overtime period - Jesse Joensuu is hit by J.T. Brown.
3:51 of 1st overtime period - Off-side.
3:52 of 1st overtime period - Brandon Saad wins face-off versus Adam Tambellini in neutral zone.
4:19 of 1st overtime period - Snap shot by J.T. Brown.
4:19 of 1st overtime period - Shot Misses the Net.
4:50 of 1st overtime period - Slapshot by Wiley Sherman.
4:50 of 1st overtime period - Deflect By Mitch Callahan.
4:50 of 1st overtime period - Shot Blocked by Eric Knodel.
4:50 of 1st overtime period - Puck is out of play.
4:51 of 1st overtime period - Dana Tyrell wins face-off versus Jared Staal in Little Stars zone.
Goals for this period are 0 for Little Stars vs 0 for Demolitions.
Shots for this period are 3 for Little Stars vs 1 for Demolitions.

ShootOut


5:00 of 1st overtime period - Round #1.
5:00 of 1st overtime period - Little Stars, Dana Tyrell.
5:00 of 1st overtime period - Wrist shot by Dana Tyrell.
5:00 of 1st overtime period - Goal by Dana Tyrell.
5:00 of 1st overtime period - Demolitions, Brandon Saad.
5:00 of 1st overtime period - Backhand shot by Brandon Saad.
5:00 of 1st overtime period - Goal by Brandon Saad.
5:00 of 1st overtime period - Round #2.
5:00 of 1st overtime period - Little Stars, Daniel O'regan.
5:00 of 1st overtime period - Snap shot by Daniel O'regan.
5:00 of 1st overtime period - Shot Misses the Net.
5:00 of 1st overtime period - Demolitions, Dennis Everberg.
5:00 of 1st overtime period - Wrist shot by Dennis Everberg.
5:00 of 1st overtime period - Stopped by Connor Knapp.
5:00 of 1st overtime period - Round #3.
5:00 of 1st overtime period - Little Stars, Jesse Joensuu.
5:00 of 1st overtime period - Snap shot by Jesse Joensuu.
5:00 of 1st overtime period - Stopped by Thatcher Demko.
5:00 of 1st overtime period - Demolitions, J.T. Brown.
5:00 of 1st overtime period - Wrist shot by J.T. Brown.
5:00 of 1st overtime period - Shot Misses the Net.
5:00 of 1st overtime period - Round #4.
5:00 of 1st overtime period - Little Stars, Scott Kosmachuck.
5:00 of 1st overtime period - Wrist shot by Scott Kosmachuck.
5:00 of 1st overtime period - Goal by Scott Kosmachuck.
5:00 of 1st overtime period - Demolitions, Phil McRae.
5:00 of 1st overtime period - Backhand shot by Phil McRae.
5:00 of 1st overtime period - Stopped by Connor Knapp.